 Dungeon Crawl Stone Soup version 0.31-a0-640-g39d97e502b (webtiles) character file.

Game seed: 5421366023038872826

121 qw the Shooter (level 5, -3/32 HPs)
             Began as a Gargoyle Hunter on Aug 27, 2023.
             Slain by a goblin
             ... wielding a +0 club
             ... led by Robin
              (6 damage)
             ... on level 3 of the Dungeon.
             The game lasted 00:00:55 (2123 turns).

qw the Shooter (Gargoyle Hunter)                    Turns: 2123, Time: 00:00:55

Health: -3/32      AC:  9    Str: 14    XL:     5   Next: 5%
Magic:  5/5        EV: 10    Int: 10    God:
Gold:   96         SH:  0    Dex: 15    Spells: 4/4 levels left

rFire   . . .        Y - +0 shortbow (flame)
rCold   . . .        (shield currently unavailable)
rNeg    + . .        h - +0 ring mail
rPois   inf          (no helmet)
rElec   +            (no cloak)
rCorr   .            (no gloves)
SInv    .            (no boots)
Will    .....        (no amulet)
Stlth   +            (no ring)
HPRegen 0.25/turn    (no ring)
MPRegen 0.09/turn

%: no passive effects
@: no status effects
A: sickness immunity, AC +4, negative energy resistance 1, electricity
resistance, torment resistance 1, petrification resistance
a: no special abilities


You were on level 3 of the Dungeon.
You visited 1 branch of the dungeon, and saw 3 of its levels.

You collected 96 gold pieces.


Innate Abilities, Weirdness & Mutations

You are immune to sickness and miasma.
Your stone body is resilient. (AC +4)
You are immune to poison.
You resist negative energy. (rN+)
You are resistant to electric shocks. (rElec)
You are resistant to unholy torment.
You are immune to petrification.


   Skills:
 - Level 3.0 Fighting
 + Level 5.7 Ranged Weapons
 - Level 1.0 Armour
 - Level 1.5 Dodging
 - Level 1.1 Stealth


You had 4 spell levels left.
You didn't know any spells.
Your spell library was empty.

Inventory:

Hand Weapons
 Y - a +0 shortbow of flaming (weapon)
Armour
 c - a +1 ring mail of fire resistance
 h - a +0 ring mail (worn)
Potions
 a - a potion of brilliance {unknown}
 b - a potion of haste
 e - 2 potions of curing
 f - a potion of degeneration {unknown}
 i - a potion of heal wounds {unknown}
 k - a potion of enlightenment {unknown}

Dungeon Overview and Level Annotations

Branches:
Dungeon (3/15)

Altars:

Shops:
D:1 =

Annotations:
D:3 Robin


Message History

The goblin hits you with a +0 club. The goblin hits you but does no damage.
The goblin misses you.
The goblin hits you but does no damage. x2
You shoot an arrow. The arrow barely misses the goblin.
The goblin hits you but does no damage. x3
Robin roars a battlecry!
The goblins go into a battle-frenzy!
The goblin hits you with a +0 club.
You shoot an arrow. The arrow barely misses the goblin.
The goblin hits you with a +0 dagger. The goblin hits you but does no damage.
The goblin hits you with a +0 club. The goblin completely misses you.
You shoot an arrow. The arrow hits the goblin.
The arrow burns the goblin.
The goblin is severely wounded.
The goblin hits you but does no damage. The goblin completely misses you.
Robin throws the goblin at you! The goblin hits you but does no damage.
The goblin completely misses you.
You shoot an arrow. The arrow hits the goblin!
The arrow burns the goblin.
You kill the goblin!
The goblin hits you but does no damage. The goblin barely misses you. x2
The goblin hits you but does no damage.
You shoot an arrow. The arrow barely misses the goblin.
The goblin hits you with a +0 club. The goblin hits you but does no damage.
The goblin barely misses you. Robin throws the goblin at you!
The goblin barely misses you.
The goblin hits you but does no damage. x3
The goblin misses you.
You shoot an arrow.
The arrow hits Robin but does no damage.
The goblin hits you but does no damage. x3; Robin closely misses you.
The goblin hits you with a +0 club.
You shoot an arrow.
The arrow hits Robin but does no damage.
The goblin barely misses you. The goblin hits you but does no damage.
Robin throws the goblin at you!
The goblin hits you but does no damage. x2
You shoot an arrow. The arrow hits Robin.
The arrow burns Robin.
Robin is lightly wounded.
The goblin closely misses you. x2; The goblin hits you with a +0 club.
The goblin misses you. Robin hits you but does no damage.
You shoot an arrow. The arrow hits Robin.
The arrow burns Robin.
Robin is severely wounded.
The goblin hits you with a +0 club.
You die...

...#.. .. ..... .. #...#
... #)).# #.# #..)#
#.#### #)%.# #.##.###
.g.# ####
#......####g#####
...###......##.g@)...#
...............ggg...#
...##...........%....#
######..................
##......#........###
#.......#........#
#.###.#.#........#
#.##..#>#.......##
#.##.##.####.####


You could see Robin, a hobgoblin (strong) and 4 goblins.

Vanquished Creatures
  3 gnolls (D:2)
  3 adders
  2 worms (D:2)
  5 ball pythons
  6 endoplasms
  12 goblins
  7 hobgoblins
  2 jackals (D:1)
  A quokka (D:2)
  4 bats
  A frilled lizard (D:3)
  6 kobolds
  6 rats
58 creatures vanquished.

Notes
Turn   | Place    | Note
-------+----------+-------------------------------------------
     0 | D:1      | qw the Gargoyle Hunter began the quest for the Orb.
     0 | D:1      | Reached XP level 1. HP: 12/12 MP: 1/1
     0 | D:1      | 0 ||| qw: Version: 0.3-a-74-g0d5e918
     0 | D:1      | 0 ||| qw: Game counter: 47
     0 | D:1      | 0 ||| qw: Melee chars always use a shield: true
     0 | D:1      | 0 ||| qw: God list: Okawaru
     0 | D:1      | 0 ||| qw: Allow faded altars: false
     0 | D:1      | 0 ||| qw: Do Orc after clearing Dungeon:15 true
     0 | D:1      | 0 ||| qw: Do second Lair branch before Depths: true
     0 | D:1      | 0 ||| qw: Lair rune preference: random
     0 | D:1      | 0 ||| qw: Goals: Normal
     0 | D:1      | 0 ||| PLANNING D:1-11
    70 | D:1      | Found Suzigh's Jewellery Shoppe.
    77 | D:1      | 77 ||| SHOPLISTING +5 ring of evasion (468 gold, have 0).
    77 | D:1      | 77 ||| SHOPLISTING amulet of faith (520 gold, have 0).
    77 | D:1      | 77 ||| SHOPLISTING ring "Qikh" {rPois EV+5 Stlth+} (650
                  | gold, have 0).
    77 | D:1      | 77 ||| SHOPLISTING ring of fire (325 gold, have 0).
    77 | D:1      | 77 ||| SHOPLISTING ring of protection from fire (325 gold,
                  | have 0).
   209 | D:1      | Reached XP level 2. HP: 17/17 MP: 2/2
   623 | D:1      | 623 ||| UPGRADING to +0 ring mail.
   633 | D:1      | 633 ||| DROPPING +0 leather armour.
   634 | D:1      | 634 ||| READING scroll labelled OVVAYMPOIMO.
   635 | D:1      | 635 ||| READING scroll labelled VERONEADOA.
   639 | D:1      | 639 ||| DRINKING 2 lumpy grey potions.
   640 | D:1      | 640 ||| DROPPING scroll of butterflies.
   738 | D:2      | Reached skill level 1 in Armour
   738 | D:2      | Reached XP level 3. HP: 15/21 MP: 3/3
   905 | D:2      | Reached skill level 5 in Ranged Weapons
   969 | D:2      | Reached XP level 4. HP: 12/27 MP: 4/4
   974 | D:2      | Reached skill level 3 in Fighting
  1329 | D:2      | 1329 ||| FLEEEEING.
  1330 | D:2      | 1330 ||| FLEEEEING.
  1331 | D:2      | 1331 ||| FLEEEEING.
  1335 | D:2      | 1335 ||| FLEEEEING.
  1336 | D:2      | 1336 ||| FLEEEEING.
  1337 | D:2      | 1337 ||| FLEEEEING.
  1338 | D:2      | 1338 ||| FLEEEEING.
  1339 | D:2      | 1339 ||| FLEEEEING.
  1340 | D:2      | 1340 ||| FLEEEEING.
  1341 | D:2      | 1341 ||| FLEEEEING.
  1343 | D:2      | 1343 ||| FLEEEEING.
  1344 | D:2      | 1344 ||| FLEEEEING.
  1345 | D:2      | 1345 ||| FLEEEEING.
  1346 | D:2      | 1346 ||| FLEEEEING.
  1347 | D:2      | 1347 ||| FLEEEEING.
  1348 | D:2      | 1348 ||| FLEEEEING.
  1349 | D:2      | 1349 ||| FLEEEEING.
  1350 | D:2      | 1350 ||| FLEEEEING.
  1351 | D:2      | 1351 ||| FLEEEEING.
  1357 | D:2      | 1357 ||| FLEEEEING.
  1358 | D:2      | 1358 ||| FLEEEEING.
  1359 | D:2      | 1359 ||| FLEEEEING.
  1361 | D:2      | 1361 ||| FLEEEEING.
  1362 | D:2      | 1362 ||| FLEEEEING.
  1851 | D:2      | 1851 ||| READING scroll labelled USOUQIEMP.
  1852 | D:2      | 1852 ||| READING scroll labelled QAGAELU NATUCK.
  1853 | D:2      | 1853 ||| READING scroll labelled LEUSKO ZEGAO.
  1854 | D:2      | 1854 ||| READING scroll labelled UWULEU HURGHUC.
  1855 | D:2      | 1855 ||| DRINKING 2 sedimented green potions.
  2106 | D:3      | Reached XP level 5. HP: 32/32 MP: 5/5
  2109 | D:3      | Noticed Robin
  2116 | D:3      | HP: 6/32 [goblin/+0 club[Robin] (5)]
  2122 | D:3      | HP: 3/32 [goblin/+0 club[Robin] (1)]
  2123 | D:3      | Slain by a goblin

Levels and vault maps discovered:
D:1:      dpeg_arrival_another_circle, layout_basic, serial_shops,
          nicolae_shop_competitors_out_of_business
D:2:      layout_loops_corners, minmay_misc_feat_four_crosses,
          minmay_statues_item
D:3:      layout_loops_cross, uniq_jessica, uniq_robin

Skill      XL: |  1  2  3  4 |
---------------+-------------+-----
Armour         | 1 |  1.0
Ranged Weapons | 5 |  5.7
Fighting       | 3 |  3.0
Dodging        | |  1.5
Stealth        | |  1.1

Action                     |  1- 3 |  4- 6 || total
---------------------------+-------+-------++-------
   Fire: Shortbow          |   114 |    97 ||   211
    Use: Scroll            |     2 |     4 ||     6
         Potion            |     1 |     1 ||     2
 Armour: Leather armour    |     3 |       ||     3
         Ring mail         |     9 |    43 ||    52
  Dodge: Dodged            |    28 |    41 ||    69

Table legend:
 A = Non-vault XP
 B = Vault XP
 C = Vault XP percentage of total XP
 D = Non-vault monster count
 E = Vault monster count
 F = Vault count percentage of total count
                 A         B        C        D         E       F
            +---------+---------+-------+---------+---------+-------
      Total |     161 |      12 |   6.9 |      51 |       7 |  12.1
            +---------+---------+-------+---------+---------+-------
        D:1 |      29 |       0 |   0.0 |      18 |       0 |   0.0
        D:2 |     111 |       0 |   0.0 |      26 |       0 |   0.0
        D:3 |      21 |      12 |  36.4 |       7 |       7 |  50.0
            +---------+---------+-------+---------+---------+-------
